 Dungeon Crawl Stone Soup version 0.29-a0-323-g050149af67 (webtiles) character file.

Game seed: 4608074221438325372

40 zishaf the Ruffian (level 3, -6/36 HPs)
             Began as a Troll Delver on Apr 11, 2022.
             Mangled by Duvessa
             ... wielding a +0 rapier
              (9 damage)
             ... on level 4 of the Dungeon.
             The game lasted 00:00:54 (209 turns).

zishaf the Ruffian (Troll Delver)                    Turns: 209, Time: 00:00:54

Health: -6/36      AC:  4    Str: 22    XL:     3   Next: 30%
Magic:  2/2        EV:  9    Int:  6    God:
Gold:   30         SH:  0    Dex: 11    Spells: 2/2 levels left

rFire   . . .      SeeInvis .     - Unarmed
rCold   . . .      Faith    .   (no shield)
rNeg    . . .      Spirit   .   a - +0 robe
rPois   .          Reflect  .   (helmet restricted)
rElec   .          Harm     .   (no cloak)
rCorr   .          Rampage  .   (gloves unavailable)
Will    .....                   (boots unavailable)
Stlth   ++........              (no amulet)
HPRegen 0.92/turn               (no ring)
MPRegen 0.08/turn               (no ring)

@: no status effects
A: large, unfitting armour, claws 3, regeneration 1, shaggy fur 1, tough skin 1
a: no special abilities


You were on level 4 of the Dungeon.
You visited 1 branch of the dungeon, and saw 2 of its levels.

You collected 30 gold pieces.

Inventory:

Armour
 a - a +0 robe (worn)
Wands
 f - a wand of digging (3)
Scrolls
 b - a scroll of fog
 c - a scroll of magic mapping
 d - a scroll of fear
 h - a scroll of blinking {unknown}
Potions
 e - a potion of haste
 g - a potion of flight {unknown}


   Skills:
 + Level 2.8 Fighting
 - Level 1.5 Dodging
 - Level 2.7 Stealth
 * Level 3.3 Unarmed Combat


You had 2 spell levels left.
You didn't know any spells.
Your spell library was empty.

Dungeon Overview and Level Annotations

Branches:
Dungeon (5/15)
 Temple: D:4-7

Altars:

Annotations:
D:4 Dowan, Duvessa


Innate Abilities, Weirdness & Mutations

You are too large for most types of armour.
You have claws for hands.
Your natural rate of healing is unusually fast.
You are covered in fur. (AC +1)
You have tough skin. (AC +1)


Message History

The orc priest barely misses you.
You claw the orc priest!
You kill the orc priest!
Your Unarmed Combat skill increases to level 3!
You have reached level 3!
Your experience leads to an increase in your attributes!
Increase (S)trength, (I)ntelligence, or (D)exterity?
You feel stronger. x3
You closely miss the jackal.
The jackal bites you but does no damage.
You claw the jackal!
You kill the jackal!
No target in view!
No target in view!
There is a broken door, spattered with blood here.
Things that are here:
a +0 flail; a +0 ring mail; an orc corpse You see here a +0 ring mail.
You open the large door.
Duvessa and Dowan come into view.
Dowan is wielding a +0 dagger of pain.
Duvessa shouts!
Duvessa drinks a potion.
Duvessa flickers and vanishes!
Deactivating autopickup; reactivate with Ctrl-A.
There is a large open door here.
Dowan shouts!
There is a large open door here.
There is a large open door here.
Something hits you.
You closely miss something. Your claw misses something.
You completely miss something. Something hits you!
You claw something! Something hits you but does no damage.
You miss something. Something hits you.
You closely miss something. Something hits you! Dowan casts a spell at you.
You scratch something. Something hits you.
* * * LOW HITPOINT WARNING * * *
You closely miss something. Something hits you!
* * * LOW HITPOINT WARNING * * *
You miss something. Something hits you!
You die...

#.......#
#.......#
#.......#
#.......#
#.......#
#..[....#
#.......#
#.......#
#####@###
#{#
#...e.....#
+.........#
#.........#
#.........#
#.........#
...#+####...
#### ...


You could see Dowan.

Vanquished Creatures
  An orc priest (D:4)
  3 orcs (D:4)
  3 jackals (D:4)
  A quokka (D:5)
8 creatures vanquished.

Notes
Turn   | Place    | Note
-------+----------+-------------------------------------------
     0 | D:5      | zishaf the Troll Delver began the quest for the Orb.
     0 | D:5      | Reached XP level 1. HP: 22/22 MP: 0/0
   114 | D:4      | Noticed an orc priest
   161 | D:4      | Reached XP level 2. HP: 29/29 MP: 1/1
   184 | D:4      | Reached skill level 3 in Unarmed Combat
   184 | D:4      | Reached XP level 3. HP: 26/36 MP: 2/2
   197 | D:4      | Noticed Duvessa
   197 | D:4      | Noticed Dowan
   209 | D:4      | Mangled by Duvessa

Illustrated notes

Levels and vault maps discovered:
D:4:      layout_basic, kennysheep_diamond, uniq_grinder, uniq_duvessa
D:5:      kennysheep_windowed_halls, layout_basic

Skill      XL: |  1  2 |
---------------+-------+-----
Unarmed Combat | 3 |  3.3
Fighting       | |  2.8
Dodging        | |  1.5
Stealth        | |  2.7

Action                   || total
-------------------------++-------
Melee: Unarmed           ||    29
       Punch             ||     1
Armor: Robe              ||     5
Dodge: Dodged            ||     8

Table legend: (Time is in decaauts)
 A = Elapsed time spent in this place.
 B = Non-inter-level travel time spent in this place.
 C = Inter-level travel time spent in this place.
 D = Time resting spent in this place.
 E = Time spent auto-exploring this place.
 F = Levels seen in this place.
 G = Mean time per level.
                   A        B        C        D        E       F      G
               +--------+--------+--------+--------+--------+-----+--------+
         Total |    207 |    207 |      0 |      0 |     97 |   2 |  103.5 |
       Dungeon |    207 |    207 |      0 |      0 |     97 |   2 |  103.5 |
               +--------+--------+--------+--------+--------+-----+--------+

Top non-repeatable levels by time:
     D:5: 113 daAuts
     D:4: 93 daAuts
